[Event "African Individual Chess-ch Open 2024"]
[Site "Accra"]
[Date "2024.03.17"]
[Round "6.7"]
[White "ONOKPITE, Kennedy"]
[Black "KIGIGHA, Bomo Lovet"]
[Result "1-0"]
[ECO "D00"]
[WhiteElo "2101"]
[BlackElo "2231"]
[Annotator "TA"]
[PlyCount "149"]
[EventDate "2024.03.13"]
[EventCountry "GHA"]
[SourceTitle "playchess.com"]
[Source "ChessBase"]
[SourceQuality "1"]
[TimeControl "5400+30"]

1. d4 d5 2. Bf4 Nf6 3. e3 Bf5 4. c4 e6 5. Qb3 Qc8 6. cxd5 {[%emt 0:00:27] D00: Damenbauernspiele.} exd5 7. Nc3 c6 8. Rc1 a6 9. Nf3 Be7 10. h3 O-O 11. Be2 Nbd7 12. O-O b6 $146 ({Predecessor:} 12... Re8 13. Rfd1 h6 14. Ne5 Be6 15. Bf3 Nxe5 16. Bxe5 Ne4 17. Bxe4 dxe4 18. d5 Bxh3 19. gxh3 Qxh3 {1-0 Tang,A (2507)-Nihal,S (2610) Chess24 Banter Blitz Cup 2019 (3.4)}) 13. Ne5 Qb7 14. Nxd7 Nxd7 15. Nxd5 Bd8 16. Nc3 Be6 17. Bc4 Bxc4 18. Qxc4 Be7 19. Ne4 Rac8 20. Bd6 b5 21. Qc2 Nb8 22. Nc5 Qa7 23. Bxe7 Qxe7 24. Qe4 Qf6 25. Qf3 Qe7 26. Rc2 Rcd8 27. Nd3 Rd6 28. Ne5 Qe6 29. b3 f6 30. Nd3 a5 31. Rfc1 Qd7 32. Nc5 Qf7 33. Ne4 Rd5 34. Rc5 Rd7 35. Qf4 g6 (35... Rdd8 $142 36. Ng3 Kh8) 36. Qf3 Kg7 37. h4 Ra7 38. Qf4 a4 $2 (38... Qc7 39. Qf3 Qd7) 39. d5 $18 axb3 40. axb3 (40. Nd6 Qc7 $18) 40... Nd7 41. Rxc6 (41. Nd6 $142 Qe7 42. Rxc6) 41... Qxd5 $18 42. Rc7 Rxc7 43. Rxc7 Rf7 44. b4 h5 (44... Qe5 $142 45. Nd6 Qxf4 46. exf4 Re7) 45. Kh2 $18 Qe6 46. Nd6 Re7 47. Nxb5 Ne5 48. Nd4 Qd6 49. Rxe7+ Qxe7 50. b5 Qa3 51. f3 Qb2 $2 (51... Qd6 52. Kh3 (52. Nc6 Nxf3+ 53. gxf3 Qd2+ 54. Kh3 Qd1 $18) 52... Qb8) 52. Qe4 $18 Qf2 53. Nc2 Qd2 54. Qb7+ Kh6 55. Qc8 $1 Kh7 $2 (55... Nxf3+ {kämpft weiter.} 56. Kg3 Nxh4 57. Kxh4 g5+ 58. Kh3 g4+ 59. Kg3 Qd6+ 60. Kf2 Qd2+ 61. Kf1 Qd3+ 62. Ke1 Qxb5 63. Qh8+ Kg6 64. Qg8+ Kh6) 56. Qc7+ $18 Kh6 57. b6 $2 ({Günstiger ist} 57. Kg3 $18) 57... Nxf3+ $2 (57... Qf2 $1 $11 58. Kh3 g5 59. hxg5+ fxg5 60. Qd6+ Kh7 61. Qe7+ (61. Qxe5 $2 Qh4#) 61... Kh6 62. Qf8+ Kg6 63. Qe8+ (63. Qd6+ Kh7 $11) 63... Kh6 64. Qf8+ (64. Qh8+ Kg6 $11) 64... Kg6 65. Qg8+ (65. Qd6+ Kh7 $11) 65... Kh6 66. Qf8+) 58. Kg3 $18 Nxh4 59. Qf4+ $1 (59. Kxh4 $2 Qxg2) 59... g5 $2 (59... Kh7 60. Qxh4 Qd6+ 61. Kf2 Qxb6) 60. Qxf6+ $18 Kh7 61. Qe7+ $2 (61. Qxg5 Qxg2+ 62. Kf4 Ng6+) (61. Qc6 $1 $18 Nf5+ 62. Kh2 Qd6+ 63. Qxd6 Nxd6 64. e4) 61... Kh6 (61... Kg6 $14 62. Qe8+ Kg7) 62. Qe6+ $1 $16 Kg7 63. Qe5+ Kh6 {[%emt 0:00:00] [#]} 64. Qh8+ $1 Kg6 65. Qe8+ Kg7 $1 66. Qc6 $1 Nf5+ 67. Kh2 g4 $2 {[%emt 0:00:11][%mdl 8192] [#]} (67... Nh6 $14) 68. Nd4 $1 $18 (68. b7 g3+ 69. Kh3 Qd1 70. Qc7+ (70. b8=B $2 Qh1#) (70. Qc3+ Kg6 71. Qc6+ Kg5) 70... Kf6 $11) 68... Nxe3 69. Qd7+ $2 (69. Ne6+ $18 Kf7 70. Ng5+ Kg7 71. b7) 69... Kg6 $11 70. Qe6+ Kg5 71. Qe5+ Kg6 $1 72. Qe4+ Kf7 $2 (72... Kf6 $11) 73. b7 $2 (73. Nf5 {Beabsichtigt Qe7+ und Matt.} g3+ 74. Kxg3 h4+ 75. Kh3 (75. Kxh4 Nxg2+ 76. Kg3 Qg5+ 77. Qg4 Qd8 $18) (75. Nxh4 Qd6+ 76. Kf3 Qxb6 $18)) 73... Qe1 $2 (73... Nf1+ $18 74. Kg1 Ne3) 74. Qe6+ (74. b8=B Nf1+ 75. Kg1 Qxe4 $19) 74... Kg7 75. Nf5+ ({Schlechter ist} 75. b8=B Nf1+ 76. Kg1 Ne3+ 77. Kh2 Qh4+ 78. Kg1 Qe1+ 79. Kh2 $11) 1-0

[Event "African Individual Chess-ch Open 2024"]
[Site "Accra"]
[Date "2024.03.17"]
[Round "6.8"]
[White "Rongwane, Gomolemo"]
[Black "Wanyama, Harold"]
[Result "0-1"]
[ECO "A14"]
[WhiteElo "2021"]
[BlackElo "2226"]
[Annotator "RC"]
[PlyCount "88"]
[EventDate "2024.03.13"]
[EventCountry "GHA"]
[SourceTitle "playchess.com"]
[Source "ChessBase"]
[SourceQuality "1"]
[TimeControl "5400+30"]

1. Nf3 d5 2. g3 Nf6 3. Bg2 e6 4. O-O Be7 5. c4 O-O 6. d3 c5 7. Nc3 Nc6 8. b3 d4 9. Nb1 e5 10. Nbd2 h6 11. a3 Re8 12. Bb2 Bf8 13. Nh4 Qc7 14. Qc2 Be6 15. h3 Rad8 16. Rae1 Nh7 17. Nhf3 Qd7 18. Kh2 f5 19. e3 Bd6 20. e4 f4 21. gxf4 exf4 22. e5 Bb8 23. Re2 Nf8 24. Rfe1 Qf7 25. Bc1 Ng6 26. Ne4 b6 27. Nd6 Bxd6 28. exd6 Rxd6 29. Nd2 Nd8 30. b4 cxb4 31. axb4 Nh4 32. Bf1 Rf8 33. c5 bxc5 34. bxc5 Rc6 35. Re4 Bd5 36. Rxd4 Rg6 37. Ree4 Nc6 38. Ra4 Bb3 39. Qc3 Bxa4 40. Rxa4 Qf5 41. Qc4+ Kh7 42. Qe4 Qxc5 43. Rc4 Qxf2+ 44. Bg2 f3 0-1

[Event "African Individual Chess-ch Open 2024"]
[Site "Accra"]
[Date "2024.03.17"]
[Round "6.9"]
[White "Adewole, Adeyinka Samuel"]
[Black "Paiva, Donaldo"]
[Result "0-1"]
[ECO "A02"]
[WhiteElo "1935"]
[BlackElo "2172"]
[Annotator "RC"]
[PlyCount "80"]
[EventDate "2024.03.13"]
[EventCountry "GHA"]
[SourceTitle "playchess.com"]
[Source "ChessBase"]
[SourceQuality "1"]
[TimeControl "5400+30"]

1. f4 Nf6 2. Nf3 g6 3. e3 Bg7 4. Be2 O-O 5. O-O b6 6. c3 c5 7. d3 d5 8. d4 Ba6 9. Ne5 e6 10. Nd2 Qc8 11. g4 Ne8 12. Rf3 f6 13. Nd3 Nd6 14. Rg3 Nd7 15. Nf2 Bb7 16. Nf3 e5 17. g5 Nf5 18. Rh3 cxd4 19. gxf6 dxe3 20. Ne4 Nxf6 21. Nxf6+ Bxf6 22. fxe5 Be7 23. Bf1 Bc5 24. Be2 a5 25. Rb1 a4 26. b4 axb3 27. axb3 b5 28. Qd3 Ra2 29. Bb2 b4 30. Ng5 h5 31. cxb4 Be7 32. Rc1 Rxb2 33. Rxc8 Rxc8 34. Qb5 Bxg5 35. Qxb7 Rc1+ 36. Bf1 e2 37. Qxd5+ Kg7 38. Qb7+ Kh6 39. Rf3 Be3+ 40. Rf2 exf1=Q# 0-1

[Event "African Individual Chess-ch Open 2024"]
[Site "Accra"]
[Date "2024.03.17"]
[Round "6.10"]
[White "Pereira, Sergio Murilo de Ara"]
[Black "Cogan, Nicolas"]
[Result "0-1"]
[ECO "B23"]
[WhiteElo "2115"]
[BlackElo "2070"]
[Annotator "RC"]
[PlyCount "72"]
[EventDate "2024.03.13"]
[EventCountry "GHA"]
[SourceTitle "playchess.com"]
[Source "ChessBase"]
[SourceQuality "1"]
[TimeControl "5400+30"]

1. e4 c5 2. Nc3 Nc6 3. Bb5 Nd4 4. Bc4 e6 5. Nge2 Ne7 6. O-O g6 7. Nxd4 cxd4 8. Nb5 Nc6 9. c3 Bg7 10. b3 a6 11. Nd6+ Kf8 12. Ba3 Kg8 13. f4 Qa5 14. b4 Qc7 15. e5 b5 16. Bb3 Bb7 17. Qg4 Rf8 18. c4 h5 19. Qe2 h4 20. cxb5 axb5 21. Qxb5 Ba8 22. Qc5 Qb8 23. h3 f6 24. b5 Na5 25. Rab1 fxe5 26. fxe5 Rxf1+ 27. Rxf1 Rh5 28. Re1 Rg5 29. Ne4 Rxe5 30. Qc2 Nxb3 31. axb3 Rxb5 32. Rf1 Rf5 33. Rxf5 gxf5 34. Nc5 Qg3 35. d3 Be5 36. Ne4 Qe1# 0-1

[Event "African Individual Chess-ch Open 2024"]
[Site "Accra"]
[Date "2024.03.17"]
[Round "6.11"]
[White "Oluka Robert Mcligeyo"]
[Black "Amoako Philip Selikem Yao"]
[Result "0-1"]
[ECO "D75"]
[WhiteElo "2041"]
[BlackElo "1848"]
[Annotator "RC"]
[PlyCount "88"]
[EventDate "2024.03.13"]
[EventCountry "GHA"]
[SourceTitle "playchess.com"]
[Source "ChessBase"]
[SourceQuality "1"]
[TimeControl "5400+30"]

1. c4 Nf6 2. Nf3 g6 3. g3 Bg7 4. Bg2 O-O 5. O-O c5 6. Nc3 Nc6 7. e3 d5 8. cxd5 Nxd5 9. d4 Nxc3 10. bxc3 Bg4 11. Ba3 cxd4 12. cxd4 Qd7 13. Rc1 Rfd8 14. Qb3 Rac8 15. Ng5 e6 16. h3 Be2 17. Rfe1 Ba6 18. Ne4 Na5 19. Qb4 b6 20. Nc5 Qb5 21. Nxa6 Qxa6 22. Qa4 b5 23. Bf1 Rb8 24. Rc5 bxa4 25. Bxa6 Bf8 26. Rxa5 Bd6 27. Bb4 Bxb4 28. Rxa4 Bd6 29. Bc4 Rdc8 30. Bb3 Rc7 31. Ra6 Rb6 32. Rxb6 axb6 33. Rb1 b5 34. Kg2 Kf8 35. Bd1 b4 36. h4 Ke8 37. h5 g5 38. h6 Bf8 39. Kf3 Ra7 40. Bb3 Ra5 41. Rc1 Rf5+ 42. Ke2 Kd8 43. Rc6 Ra5 44. Rb6 Kc7 0-1

[Event "African Individual Chess-ch Open 2024"]
[Site "Accra"]
[Date "2024.03.17"]
[Round "6.13"]
[White "Egbe, Kossi Thierry"]
[Black "David Leroy Debblay"]
[Result "1-0"]
[ECO "C42"]
[WhiteElo "1871"]
[BlackElo "1913"]
[Annotator "RC"]
[PlyCount "95"]
[EventDate "2024.03.13"]
[EventCountry "GHA"]
[SourceTitle "playchess.com"]
[Source "ChessBase"]
[SourceQuality "1"]
[TimeControl "5400+30"]

1. e4 e5 2. Nf3 Nf6 3. Nc3 Bb4 4. Bc4 d6 5. d3 O-O 6. h3 h6 7. a3 Ba5 8. b4 Bb6 9. Be3 c6 10. Bb3 Be6 11. Bxe6 fxe6 12. O-O Nbd7 13. Bxb6 Qxb6 14. d4 exd4 15. Qxd4 Qxd4 16. Nxd4 Rae8 17. Nb3 Ne5 18. Na5 b6 19. f4 Ng6 20. Nxc6 Rc8 21. b5 Rxc6 22. bxc6 Rc8 23. e5 Rxc6 24. exf6 Rxc3 25. fxg7 Rxc2 26. f5 exf5 27. Rxf5 Kxg7 28. Rd1 Ne7 29. Rf2 Rc6 30. Rdf1 Rc7 31. Rf7+ Kg8 32. R7f6 Rd7 33. Rxh6 d5 34. Rh4 Ng6 35. Rd4 Kg7 36. Rf3 Rd6 37. Kf2 b5 38. Rf5 Ne7 39. Rg4+ Kh6 40. Rf8 Ng6 41. Rg8 d4 42. Ke2 Re6+ 43. Kd2 a5 44. R8xg6+ Rxg6 45. Rxg6+ Kxg6 46. Kd3 b4 47. axb4 a4 48. Kxd4 1-0

[Event "African Individual Chess-ch Open 2024"]
[Site "Accra"]
[Date "2024.03.18"]
[Round "7.1"]
[White "Zhemba, Jemusse"]
[Black "Amin, Bassem"]
[Result "0-1"]
[ECO "C77"]
[WhiteElo "2226"]
[BlackElo "2670"]
[Annotator "TA"]
[PlyCount "71"]
[EventDate "2024.03.13"]
[EventCountry "GHA"]
[SourceTitle "playchess.com"]
[Source "ChessBase"]
[SourceQuality "1"]
[TimeControl "5400+30"]

1. e4 e5 2. Nf3 Nc6 3. Bb5 a6 4. Ba4 Nf6 5. Qe2 b5 6. Bb3 Bc5 7. c3 O-O 8. d3 Re8 9. O-O h6 10. Be3 Bf8 {[%emt 0:00:42] The position is equal.} 11. Rd1 (11. Nbd2 $11 {deserves consideration.}) 11... d5 $15 12. h3 Na5 13. Bc2 c5 14. Bc1 Ra7 15. Nbd2 Rd7 16. Re1 Bb7 17. Nh2 d4 18. cxd4 exd4 19. a4 {[%emt 0:05:08] [#]} c4 $1 20. axb5 axb5 21. Ng4 {[%emt 0:00:12] Threatens to win with Nxf6+.} Bb4 22. Nxf6+ Qxf6 23. Rd1 {[%emt 0:00:20] White is weak on the dark squares} Rc7 {[%emt 0:04:05] Black is much more active.} 24. f3 {[%emt 0:01:38] [#]} (24. Nf3 $15) 24... Rec8 $1 $19 {[%emt 0:01:30] Hoping for ...c3.} 25. e5 (25. Rb1 {is the only way for White.}) 25... Qb6 {[%emt 0:05:11] And now ...c3 would win.} 26. Ne4 cxd3 27. Bxd3 Nb3 $1 28. Bf4 {[%emt 0:00:08][%cal Oe4d6] [#]} Nxa1 $2 (28... Rc2 $1 $19 {[%cal Rc2e2] and Black stays clearly on top.} 29. Qf1 (29. Bxc2 $2 {is the wrong capture.} d3+ 30. Qf2 Qxf2+ 31. Kxf2 dxc2 $19) 29... Nxa1 (29... Rxb2 30. Rdb1 $17) 30. Rxa1 Bxe4 (30... Rxb2 $2 31. Nd6 $19) 31. Bxe4 d3+ (31... Rxb2 $2 32. Kh2 $19) 32. Kh2 g5 (32... Rxb2 $2 33. Bxd3 Bc3 34. Bg3 $19)) 29. Rxa1 $17 Rc2 30. Qd1 (30. Bxc2 $17 d3+ 31. Qe3 Qxe3+ 32. Bxe3 dxc2 (32... Rxc2 33. Nf2 $15) 33. Nd6 Bxd6 34. exd6) 30... Bxe4 $19 (30... Rxb2 31. Nd6 Rc3 32. Nxb5 $19) 31. Bxe4 d3+ {[%emt 0:00:26] Black is clearly winning.} ({Less strong is} 31... Rxb2 32. Qd3 $19) 32. Kh2 Qf2 33. Qf1 Qxf1 (33... Rxb2 $2 34. Qxf2 Rxf2 35. Bxd3 $19) 34. Rxf1 g5 35. Bg3 {[%emt 0:04:42] [#]} d2 {[%emt 0:00:22] Strongly threatening ...Rc1.} 36. Bh7+ {[%emt 0:00:43] Weighted Error Value: White=0.58/Black=0.13 (very precise) .  Loses game:     	White=1     	---        Missed win:     	---       	Black=1      Mistake:       	White=3     	---        Inaccurate:     	White=3     	Black=3      OK:         	White=8     	Black=14     Best:        	---       	Black=3} (36. Bxc2 Rxc2) 0-1

[Event "African Individual Chess-ch Open 2024"]
[Site "Accra"]
[Date "2024.03.18"]
[Round "7.2"]
[White "Mwali, Chitumbo"]
[Black "Bellahcene, Bilel"]
[Result "0-1"]
[ECO "A10"]
[WhiteElo "2340"]
[BlackElo "2522"]
[Annotator "TA"]
[PlyCount "90"]
[EventDate "2024.03.13"]
[EventCountry "GHA"]
[SourceTitle "playchess.com"]
[Source "ChessBase"]
[SourceQuality "1"]
[TimeControl "5400+30"]

1. c4 b6 2. Nc3 Bb7 3. e4 e6 4. g3 Bb4 5. Nge2 f5 6. d3 {[%emt 0:05:13] A10: English Opening: Unusual Replies for Black.} Nf6 7. Bg2 fxe4 8. O-O O-O 9. dxe4 Ng4 {[%emt 0:02:01] was the old line (9...e5).} 10. Na4 a5 $146 ({Predecessor:} 10... Qe7) 11. a3 (11. Nd4 {seems wilder.} e5 12. a3 Be7 13. Nf5) 11... Be7 12. f4 Na6 13. h3 Nh6 14. Be3 Nc5 15. Nec3 Nf7 16. Rf2 Bc6 17. Rd2 e5 18. Qc2 Ne6 19. Rf1 Bc5 20. Nxc5 bxc5 21. Qd1 ({White should play} 21. Rdf2 $14) 21... d6 (21... Nd6 $11 22. Qe2 (22. fxe5 Nxc4 23. Rxf8+ Qxf8 $15) 22... Rb8) 22. f5 $16 Nd4 23. Qh5 (23. Rdf2 {with more complications.} Qb8 24. f6 g6 25. Nd5) 23... Be8 24. Qd1 (24. Rdf2 $16) 24... c6 (24... Bc6 $1 $11) 25. g4 Rb8 26. Qe1 Nh8 27. Qg3 Bf7 28. h4 Bxc4 29. Rff2 Rb7 30. h5 h6 (30... Qb8 $11) 31. g5 $16 hxg5 32. Bxg5 Qe8 33. Bf3 (33. Be3 $16) 33... Kh7 (33... Nf7 $11 {keeps the balance.}) 34. Rh2 (34. Be3 $16) 34... d5 $14 35. Bd1 (35. exd5 $2 cxd5 36. Bxd5 Bxd5 (36... Nxf5 $2 37. Be4 $18) 37. Nxd5 Qc6 $17 (37... Rxf5 38. Rdf2 $19) (37... Nxf5 38. Qg4 $14)) (35. Bh4 $1 $16) 35... Rbf7 {[%emt 0:03:12] [#]} (35... dxe4 $1 $14 36. Nxe4 Rxf5 (36... Bd5 37. h6 $16)) 36. Be3 $2 ({White has to play} 36. Rdf2 $1 $18) 36... dxe4 $1 $11 37. Nxe4 Rxf5 38. Rhg2 (38. Nxc5 $2 Rf1+ 39. Kg2 Bd5+ 40. Kh3 Rxd1 $19) 38... Qe7 39. Ng5+ {[%emt 0:00:20] [#]} (39. Bg5 $1 $11 Qc7 40. h6 (40. Nxc5 $2 {perishes.} Rf1+ 41. Kh2 R8f3 $19)) 39... Kg8 $1 $17 40. h6 R8f6 (40... Ng6 $17 {...Bd5 is the strong threat.} 41. Nh3 R8f6) 41. Bxd4 $4 (41. h7+ $11 Kf8 42. Ne4) 41... Rf1+ $19 42. Kh2 Rxh6+ ({Inferior is} 42... exd4 43. Qb8+) 43. Nh3 cxd4 44. Bb3 Bxb3 45. Qxb3+ Qe6 0-1

[Event "African Individual Chess-ch Open 2024"]
[Site "Accra"]
[Date "2024.03.18"]
[Round "7.3"]
[White "Aikhoje, Odion"]
[Black "Silva, David"]
[Result "0-1"]
[ECO "A48"]
[WhiteElo "2215"]
[BlackElo "2358"]
[Annotator "RC"]
[PlyCount "126"]
[EventDate "2024.03.13"]
[EventCountry "GHA"]
[SourceTitle "playchess.com"]
[Source "ChessBase"]
[SourceQuality "1"]
[TimeControl "5400+30"]

1. Nf3 Nf6 2. d4 g6 3. Bf4 Bg7 4. e3 c5 5. c3 Qb6 6. Qb3 d6 7. h3 O-O 8. Nbd2 cxd4 9. Qxb6 axb6 10. exd4 Bd7 11. Be2 b5 12. O-O Nd5 13. Bh2 b4 14. c4 Nb6 15. a3 Nc6 16. d5 Nd4 17. Nxd4 Bxd4 18. axb4 Bxb2 19. Rab1 Bg7 20. Bf4 Rfc8 21. Be3 Na4 22. Bf3 Bf5 23. Rb3 Nc3 24. Bg4 Ra2 25. Re1 Bxg4 26. hxg4 b5 27. cxb5 Nxd5 28. Nf3 Rb8 29. Rc1 Ra1 30. Rxa1 Bxa1 31. Bd2 f5 32. gxf5 gxf5 33. Nh4 f4 34. Kf1 Rxb5 35. Ke2 Bf6 36. Nf3 e5 37. Ne1 Kf7 38. Nc2 Ke6 39. Rh3 Rb7 40. Kd3 Rg7 41. Ne1 Bd8 42. Rh6+ Nf6 43. Ke2 Bb6 44. b5 Ra7 45. g4 fxg3 46. fxg3 Ra2 47. Kd1 Kf7 48. Nf3 Kg7 49. Rh2 Ra1+ 50. Kc2 e4 51. Nh4 Rf1 52. Bc3 Kf7 53. Rd2 Ke6 54. Bxf6 Rxf6 55. Ng2 Rf2 56. Kd1 Rxd2+ 57. Kxd2 d5 58. Ke2 d4 59. Nf4+ Kd6 60. Kd2 Kc5 61. Ne6+ Kc4 62. Ng5 e3+ 63. Ke1 d3 0-1

[Event "African Individual Chess-ch Open 2024"]
[Site "Accra"]
[Date "2024.03.18"]
[Round "7.4"]
[White "Abdulraheem Abdulrahman Akinto"]
[Black "Ortega Amarelle, Mariano"]
[Result "0-1"]
[ECO "B89"]
[WhiteElo "2229"]
[BlackElo "2482"]
[Annotator "RC"]
[PlyCount "66"]
[EventDate "2024.03.13"]
[EventCountry "GHA"]
[SourceTitle "playchess.com"]
[Source "ChessBase"]
[SourceQuality "1"]
[TimeControl "5400+30"]

1. e4 c5 2. Nf3 d6 3. d4 cxd4 4. Nxd4 Nf6 5. Nc3 Nc6 6. Bc4 e6 7. Be3 Be7 8. Qe2 a6 9. Bb3 Nxd4 10. Bxd4 b5 11. a3 O-O 12. O-O-O Qa5 13. g4 Nd7 14. f4 Nc5 15. Kb1 Nxb3 16. cxb3 b4 17. axb4 Qxb4 18. g5 Bb7 19. Rhg1 Rac8 20. Rg3 Rfe8 21. h4 Bf8 22. Na2 Qb5 23. Qg2 e5 24. fxe5 dxe5 25. Bg1 Red8 26. Rxd8 Rxd8 27. Nc1 Qb4 28. Rg4 Rd1 29. Kc2 Re1 30. Nd3 Bxe4 31. Qd2 Bxd3+ 32. Kxd3 Qxb3+ 33. Qc3 Qd5+ 0-1

[Event "African Individual Chess-ch Open 2024"]
[Site "Accra"]
[Date "2024.03.18"]
[Round "7.5"]
[White "Rakotomaharo, Fy Antenaina"]
[Black "ONOKPITE, Kennedy"]
[Result "1-0"]
[ECO "C90"]
[WhiteElo "2454"]
[BlackElo "2101"]
[Annotator "RC"]
[PlyCount "115"]
[EventDate "2024.03.13"]
[EventCountry "GHA"]
[SourceTitle "playchess.com"]
[Source "ChessBase"]
[SourceQuality "1"]
[TimeControl "5400+30"]

1. e4 e5 2. Nf3 Nc6 3. Bb5 a6 4. Ba4 Nf6 5. d3 b5 6. Bb3 Be7 7. O-O O-O 8. Re1 d6 9. c3 Nb8 10. Nbd2 Nbd7 11. Nf1 Nc5 12. Bc2 Ne6 13. d4 Nd7 14. Ng3 Bb7 15. Nf5 Bf6 16. h4 Re8 17. d5 Nf4 18. g3 Ng6 19. b3 Ne7 20. Ne3 h5 21. a4 bxa4 22. Rxa4 g6 23. Ra3 Nb6 24. c4 c5 25. dxc6 Nxc6 26. Bb2 Qc7 27. Bc3 Qe7 28. Nd5 Nxd5 29. cxd5 Na7 30. Ra1 Qd7 31. Bd3 Nb5 32. Ba5 Bd8 33. Qd2 Rc8 34. Bc4 Kg7 35. Qd3 Rb8 36. Bxb5 axb5 37. Bxd8 Rexd8 38. Ra7 Ra8 39. Rea1 Rxa7 40. Rxa7 Ra8 41. Qe3 Qc7 42. Ng5 Rxa7 43. Qxa7 Qd7 44. Qb6 Kf6 45. Kf1 Ke7 46. Ke1 Bc8 47. Kd2 Qe8 48. Qa7+ Bd7 49. f4 exf4 50. gxf4 Kf8 51. Qd4 Kg8 52. Qf6 Qf8 53. f5 gxf5 54. exf5 b4 55. Ne4 Qa8 56. Qg5+ Kf8 57. Qh6+ Ke7 58. Qf6+ 1-0

[Event "African Individual Chess-ch Open 2024"]
[Site "Accra"]
[Date "2024.03.18"]
[Round "7.6"]
[White "Wanyama, Harold"]
[Black "Kayonde, Andrew"]
[Result "0-1"]
[ECO "E00"]
[WhiteElo "2226"]
[BlackElo "2321"]
[Annotator "TA"]
[PlyCount "109"]
[EventDate "2024.03.13"]
[EventCountry "GHA"]
[SourceTitle "playchess.com"]
[Source "ChessBase"]
[SourceQuality "1"]
[TimeControl "5400+30"]

1. d4 Nf6 2. c4 e6 3. g3 Bb4+ 4. Nd2 c5 5. a3 Bxd2+ 6. Qxd2 cxd4 7. Qxd4 Nc6 8. Qh4 (8. Qd3 $11) 8... Na5 ({Black should play} 8... e5 $1 $17 {Hoping for ...Nd4.} 9. Bg2 Nd4) 9. b4 Nb3 10. Rb1 Nxc1 11. Rxc1 a5 12. c5 axb4 13. axb4 d5 14. Bg2 Qd7 15. Nf3 Qb5 16. Ne5 O-O 17. Bf3 {[%emt 0:00:00] [#]} Ne4 $1 18. Nd3 (18. O-O Qxb4) 18... f5 19. O-O {[%emt 0:00:00] [#]} (19. Qf4 $11) 19... Nd2 $1 $17 {[%emt 0:00:27] Black is more active.} 20. Bg2 Nxf1 21. Bxf1 Ra2 22. Qd4 Qa4 23. h4 Rc2 ({Better is} 23... Re8 $15) 24. Ra1 $11 Qb3 25. Ra7 (25. Qf4 $11 Qc3 26. Ra8) 25... Ra2 $15 26. Rxa2 Qxa2 27. Ne5 Qb1 28. e3 {[%emt 0:00:00] [#]} b6 $1 29. b5 {[%emt 0:00:00] [#] Inhibits Ba6.} bxc5 (29... Qe4 $1 $17 {...bxc5 is the strong threat.} 30. cxb6 Qxd4 31. exd4 Bb7) 30. Qxc5 $11 d4 31. Qxd4 Qe4 32. Qxe4 fxe4 {[%emt 0:00:03][%mdl 4096] Endgame. KRB-KBN} 33. Bg2 Rf5 34. Nc6 Kf8 {[%emt 0:00:27] Inhibits Ne7.} (34... Rxb5 $2 {loses.} 35. Ne7+ (35. Bxe4 Bd7 $17) 35... Kf8 36. Nxc8 $18) 35. Bxe4 Rxb5 36. Bxh7 Bb7 37. Nd4 Ra5 {[%emt 0:00:08][%mdl 1024] ( -> ...Ra1+). Black has compensation.} (37... Rb6 $5 38. f4 g6 $15) 38. e4 (38. Nxe6+ $2 {perishes.} Ke7 39. Kh2 Kxe6 $19) (38. f4 $11 {keeps the balance.}) 38... Kf7 $17 39. Nf3 g6 40. Ng5+ Kg7 41. f3 $2 {[%emt 0:00:00][%mdl 8192] [#] This costs White the game.} (41. f4 $17) 41... Rxg5 $1 {[%emt 0:06:32][%mdl 512] Black mates.} 42. hxg5 (42. Kg2 Rb5) 42... Kxh7 {[%emt 0:00:13] KB-KP} 43. Kf2 Kg7 44. Ke3 e5 45. f4 Bc8 46. Kd3 Kf7 47. Ke3 Bg4 48. Kd3 Ke6 49. Ke3 Kd6 50. Kd3 Be6 51. Ke3 Kc5 52. Kd3 Kb4 53. Ke3 Kc4 54. f5 Bf7 55. g4 {[%emt 0:08:30] Weighted Error Value: White=0.26 (precise) /Black=0.11 (very precise) .  Loses game:     	White=1     	---        Mistake:       	White=4     	Black=3      Inaccurate:     	White=3     	Black=6      OK:         	White=9     	Black=15     Best:        	White=4     	Black=3      Strong:       	---       	Black=1      Brilliant:      	---       	Black=2} 0-1

[Event "African Individual Chess-ch Open 2024"]
[Site "Accra"]
[Date "2024.03.18"]
[Round "7.7"]
[White "Agnelo, Amorim"]
[Black "Cogan, Nicolas"]
[Result "0-1"]
[ECO "B78"]
[WhiteElo "2219"]
[BlackElo "2070"]
[Annotator "RC"]
[PlyCount "82"]
[EventDate "2024.03.13"]
[EventCountry "GHA"]
[SourceTitle "playchess.com"]
[Source "ChessBase"]
[SourceQuality "1"]
[TimeControl "5400+30"]

1. e4 c5 2. Nf3 Nc6 3. d4 cxd4 4. Nxd4 g6 5. Nc3 Bg7 6. Be3 Nf6 7. Bc4 O-O 8. f3 d6 9. Qd2 Bd7 10. O-O-O Rc8 11. Bb3 Ne5 12. h4 h5 13. Bg5 Rc5 14. Kb1 b5 15. a3 Nc4 16. Bxc4 Rxc4 17. Nde2 b4 18. Qd3 Qc8 19. Bxf6 Bxf6 20. Nd5 bxa3 21. Nxf6+ exf6 22. Qxa3 Rxc2 23. Rc1 Rxc1+ 24. Rxc1 Qb7 25. Rd1 Be6 26. Rxd6 Qb5 27. Rd2 Rc8 28. Qd3 Bc4 29. Qe3 Bb3 30. Qd4 Rc6 31. Qd7 Kg7 32. Nc3 Qf1+ 33. Nd1 Qc4 34. Nc3 Qf1+ 35. Nd1 Rb6 36. Qd4 Qe1 37. Qf2 Qh1 38. Qe2 Qxh4 39. Qf1 Qg5 40. Qe1 Qa5 41. Nc3 Ra6 0-1

[Event "African Individual Chess-ch Open 2024"]
[Site "Accra"]
[Date "2024.03.18"]
[Round "7.8"]
[White "De Gondo, Simplice Armel"]
[Black "Paiva, Donaldo"]
[Result "1/2-1/2"]
[ECO "E57"]
[WhiteElo "2024"]
[BlackElo "2172"]
[Annotator "RC"]
[PlyCount "165"]
[EventDate "2024.03.13"]
[EventCountry "GHA"]
[SourceTitle "playchess.com"]
[Source "ChessBase"]
[SourceQuality "1"]
[TimeControl "5400+30"]

1. e4 c6 2. c4 d5 3. exd5 cxd5 4. d4 Nf6 5. Nc3 e6 6. Bg5 Be7 7. Nf3 O-O 8. Bd3 dxc4 9. Bxc4 Nc6 10. O-O b6 11. Re1 Bb7 12. a3 Rc8 13. Ba2 Nd5 14. Bxe7 Ncxe7 15. Ne4 Nf5 16. Ng3 Nde7 17. Nxf5 Nxf5 18. d5 exd5 19. Qd3 g6 20. Rad1 Qf6 21. Ne5 Rfd8 22. b4 Qd6 23. g3 f6 24. Ng4 Kg7 25. h4 h5 26. Ne3 Nxe3 27. Rxe3 Rd7 28. Rde1 Qf8 29. Bb1 Qf7 30. Ba2 Rcc7 31. Kh2 f5 32. Re6 d4 33. Re7 Rxe7 34. Bxf7 Rxe1 35. Bd5 Bxd5 36. Qxd4+ Kh7 37. Qxd5 Rce7 38. Kg2 R1e4 39. Qd6 f4 40. gxf4 Rf7 41. Kg3 Rc4 42. f3 Rc1 43. Qe6 Rcc7 44. Qd6 Rb7 45. Qc6 Rbe7 46. Qc3 Rf5 47. Qd4 Ref7 48. Qd6 R5f6 49. Qe5 a5 50. bxa5 Rf5 51. Qc3 bxa5 52. Qd4 R5f6 53. Qe5 Rf5 54. Qd4 Rb7 55. Qc4 Rd7 56. Qc3 Rfd5 57. Qf6 R5d6 58. Qc3 Rd5 59. Qe1 Rc5 60. Qe3 Rdc7 61. Qd4 Rf5 62. Qd3 Kg7 63. Qd4+ Kf7 64. Qd3 Re7 65. Qd2 Re6 66. Qd7+ Re7 67. Qd2 Ke8 68. Qd6 Kf7 69. Qd2 Rb7 70. Qd3 Rc7 71. Qd4 Rfc5 72. Qd2 Ke6 73. Qe3+ Kf7 74. Qd2 Re7 75. Qd3 Rf5 76. Qc3 Kg8 77. Qc6 Kh7 78. Qc3 Ref7 79. Qd4 R7f6 80. Qd7+ Kg8 81. Qc8+ Rf8 82. Qe6+ Kg7 83. Qd6 1/2-1/2